| TOP OF THE 1ST |
|
Winnipeg Goldeyes batting - Pitching for Hamilton Cardinals : RHP Keith Anter
|
|
Pitching: RHP Keith Anter
|
|
|
Batting: RHB John Dew
|
0-0: Swinging Strike 0-1: Foul Ball, location: 2F 0-2: Ball 1-2: Ball 2-2: Ball 3-2: SINGLE (Flyball, 56D, EV 89.4 MPH)
|
|
Batting: RHB David McClellan
|
0-0: Foul Ball, location: 2F 0-1: Ball 1-1: Ball 2-1: Foul Ball, location: 2F 2-2: Strikes out swinging
|
|
Batting: SHB Ian Thompson
|
0-0: Fielders Choice at 2nd, 1-6 (Groundball, 34S, EV 64.4 MPH)
|
|
Batting: RHB Steve Raine
|
0-0: Ball 1-0: Foul Ball, location: 2F 1-1: Ball 2-1: Called Strike Ian Thompson steals 2nd base 2-2: Strikes out swinging
|
| Top of the 1st over - 0 runs, 1 hit, 0 errors, 1 left on base; Winnipeg 0 - Hamilton 0 |
| BOTTOM OF THE 1ST |
|
Hamilton Cardinals batting - Pitching for Winnipeg Goldeyes : RHP Tom Winsor
|
|
Pitching: RHP Tom Winsor
|
|
|
Batting: RHB Fortunato Fteira
|
0-0: Ball 1-0: Called Strike 1-1: SINGLE (Groundball, 6MD, EV 103.1 MPH)
|
|
Batting: RHB Tyler Walker
|
0-0: Ball 1-0: Called Strike 1-1: Ball 2-1: Called Strike 2-2: Ball 3-2: Fly out, F7 (Flyball, 7, EV 87.5 MPH)
|
|
Batting: RHB Joe Alley
|
0-0: Called Strike 0-1: Ball 1-1: Ball 2-1: Foul Ball, location: 2F 2-2: Foul Ball, location: 2F 2-2: Foul Ball, location: 2F 2-2: Strikes out looking
|
|
Batting: LHB Travis Ruppel
|
0-0: Called Strike Fortunato Fteira steals 2nd base (no throw) 0-1: Ball 1-1: Ball 2-1: Ball 3-1: Ground out 4-3 (Groundball, 4S, EV 65.0 MPH)
|
| Bottom of the 1st over - 0 runs, 1 hit, 0 errors, 1 left on base; Winnipeg 0 - Hamilton 0 |
| TOP OF THE 2ND |
|
Winnipeg Goldeyes batting - Pitching for Hamilton Cardinals : RHP Keith Anter
|
|
Batting: LHB Marvin Shepherd
|
0-0: Called Strike 0-1: Foul Ball, location: 2F 0-2: Strikes out swinging
|
|
Batting: LHB Kuemon Shishido
|
0-0: Ball 1-0: Called Strike 1-1: Ball 2-1: Foul Ball, location: 2F 2-2: Foul Ball, location: 2F 2-2: Ball 3-2: Foul Ball, location: 2F 3-2: Base on Balls
|
|
Batting: LHB Brian Wagner
|
0-0: Ball 1-0: Called Strike 1-1: Ball 2-1: Foul Ball, location: 2F 2-2: Strikes out looking
|
|
Batting: RHB Antonio Santos
|
0-0: Called Strike 0-1: Ball 1-1: Ball 2-1: Called Strike 2-2: Strikes out swinging
|
| Top of the 2nd over - 0 runs, 0 hits, 0 errors, 1 left on base; Winnipeg 0 - Hamilton 0 |
| BOTTOM OF THE 2ND |
|
Hamilton Cardinals batting - Pitching for Winnipeg Goldeyes : RHP Tom Winsor
|
|
Batting: RHB Jose Jimenez
|
0-0: Called Strike 0-1: Ball 1-1: SINGLE (Flyball, 6MD, EV 86.2 MPH)
|
|
Batting: RHB Kyle Burns
|
0-0: Called Strike 0-1: DOUBLE (Line Drive, 9D, EV 101.9 MPH) Jose Jimenez to third
|
|
Batting: RHB Tim Williams
|
0-0: Called Strike 0-1: Ball 1-1: Foul Ball, location: 2F 1-2: Foul Ball, location: 2F 1-2: Foul Ball, location: 2F 1-2: Foul Ball, location: 2F 1-2: Foul Ball, location: 2F 1-2: Fly out, F5 (Popup, 5SF, EV 72.5 MPH)
|
|
Batting: RHB Nick Latulippe
|
0-0: Ground out 4-3 (Groundball, 34, EV 87.5 MPH) Jose Jimenez scores Kyle Burns to third
|
|
Batting: RHB Edgar Klockow
|
0-0: Called Strike 0-1: Foul Ball, location: 2F 0-2: Foul Ball, location: 2F 0-2: Ball 1-2: Ball 2-2: Ball 3-2: Strikes out swinging
|
| Bottom of the 2nd over - 1 run, 2 hits, 0 errors, 1 left on base; Winnipeg 0 - Hamilton 1 |
| TOP OF THE 3RD |
|
Winnipeg Goldeyes batting - Pitching for Hamilton Cardinals : RHP Keith Anter
|
|
Batting: RHB Ton van Dijk
|
0-0: Called Strike 0-1: SOLO HOME RUN (Flyball, 7D, EV 96.2 MPH), Distance : 367 ft
|
|
Batting: RHB John Dew
|
0-0: Ball 1-0: Ground out 1-3 (Groundball, 34S, EV 64.4 MPH)
|
|
Batting: RHB David McClellan
|
0-0: Ball 1-0: Ball 2-0: Foul Ball, location: 2F 2-1: SINGLE (Groundball, 6MD, EV 95.6 MPH)
|
|
Batting: SHB Ian Thompson
|
0-0: Swinging Strike 0-1: Swinging Strike 0-2: Strikes out swinging
|
|
Batting: RHB Steve Raine
|
0-0: Ball 1-0: Called Strike 1-1: Ball 2-1: Foul Ball, location: 2F 2-2: Fly out, F6 (Popup, 15, EV 82.5 MPH)
|
| Top of the 3rd over - 1 run, 2 hits, 0 errors, 1 left on base; Winnipeg 1 - Hamilton 1 |
| BOTTOM OF THE 3RD |
|
Hamilton Cardinals batting - Pitching for Winnipeg Goldeyes : RHP Tom Winsor
|
|
Batting: RHB Fortunato Fteira
|
0-0: Foul Ball, location: 2F 0-1: Swinging Strike 0-2: Strikes out swinging
|
|
Batting: RHB Tyler Walker
|
0-0: Swinging Strike 0-1: Foul Ball, location: 2F 0-2: Strikes out swinging
|
|
Batting: RHB Joe Alley
|
0-0: Foul Ball, location: 2F 0-1: Ball 1-1: Foul Ball, location: 2F 1-2: Foul Ball, location: 2F 1-2: Strikes out swinging
|
| Bottom of the 3rd over - 0 runs, 0 hits, 0 errors, 0 left on base; Winnipeg 1 - Hamilton 1 |
| TOP OF THE 4TH |
|
Winnipeg Goldeyes batting - Pitching for Hamilton Cardinals : RHP Keith Anter
|
|
Batting: LHB Marvin Shepherd
|
0-0: Called Strike 0-1: Foul Ball, location: 2F 0-2: Strikes out looking
|
|
Batting: LHB Kuemon Shishido
|
0-0: Ball 1-0: Called Strike 1-1: Ground out U3 (Groundball, 34S, EV 88.1 MPH)
|
|
Batting: LHB Brian Wagner
|
0-0: SINGLE (Flyball, 3D, EV 94.4 MPH)
|
|
Batting: RHB Antonio Santos
|
0-0: Ball 1-0: Ground out 3-1 (Groundball, 34S, EV 91.9 MPH)
|
| Top of the 4th over - 0 runs, 1 hit, 0 errors, 1 left on base; Winnipeg 1 - Hamilton 1 |
| BOTTOM OF THE 4TH |
|
Hamilton Cardinals batting - Pitching for Winnipeg Goldeyes : RHP Tom Winsor
|
|
Batting: LHB Travis Ruppel
|
0-0: SOLO HOME RUN (Flyball, 8LXD, EV 115.6 MPH), Distance : 453 ft
|
|
Batting: RHB Jose Jimenez
|
0-0: Called Strike 0-1: Ball 1-1: Ball 2-1: Ball 3-1: Foul Ball, location: 2F 3-2: Foul Ball, location: 2F 3-2: Strikes out looking
|
|
Batting: RHB Kyle Burns
|
0-0: Swinging Strike 0-1: Fly out, F7 (Flyball, 7LD, EV 89.4 MPH)
|
|
Batting: RHB Tim Williams
|
0-0: Called Strike 0-1: Called Strike 0-2: SINGLE (Groundball, 6M, EV 102.5 MPH) (infield hit)
|
|
Batting: RHB Nick Latulippe
|
0-0: Ball 1-0: Fly out, F8 (Flyball, 8LM, EV 81.9 MPH)
|
| Bottom of the 4th over - 1 run, 2 hits, 0 errors, 1 left on base; Winnipeg 1 - Hamilton 2 |
| TOP OF THE 5TH |
|
Winnipeg Goldeyes batting - Pitching for Hamilton Cardinals : RHP Keith Anter
|
|
Batting: RHB Ton van Dijk
|
0-0: SINGLE (Groundball, 56D, EV 105.6 MPH)
|
|
Batting: RHB John Dew
|
0-0: Ball Ton van Dijk is caught stealing 2nd base 2-4 1-0: Ball 2-0: Ground out 4-3 (Groundball, 4, EV 105.6 MPH)
|
|
Batting: RHB David McClellan
|
0-0: Called Strike 0-1: Called Strike 0-2: Ball 1-2: Foul Ball, location: 2F 1-2: Strikes out swinging
|
| Top of the 5th over - 0 runs, 1 hit, 0 errors, 0 left on base; Winnipeg 1 - Hamilton 2 |
| BOTTOM OF THE 5TH |
|
Hamilton Cardinals batting - Pitching for Winnipeg Goldeyes : RHP Tom Winsor
|
|
Batting: RHB Edgar Klockow
|
0-0: Called Strike 0-1: Foul Ball, location: 2F 0-2: Ground out 6-3 (Groundball, 6, EV 105.6 MPH)
|
|
Batting: RHB Fortunato Fteira
|
0-0: Swinging Strike 0-1: Ball 1-1: Ball 2-1: Ball 3-1: Foul Ball, location: 2F 3-2: Base on Balls
|
|
Batting: RHB Tyler Walker
|
0-0: Ball 1-0: Called Strike 1-1: Ball 2-1: Ball 3-1: Base on Balls Fortunato Fteira to second
|
|
Batting: RHB Joe Alley
|
0-0: Called Strike 0-1: 3-RUN HOME RUN (Flyball, 7LD, EV 90.6 MPH), Distance : 340 ft
|
|
Pitching: RHP Scot Abbott
|
|
|
Batting: LHB Travis Ruppel
|
0-0: Ball 1-0: Ball 2-0: Called Strike 2-1: Ball 3-1: Base on Balls
|
|
Batting: RHB Jose Jimenez
|
0-0: Ball 1-0: Called Strike 1-1: Called Strike 1-2: Foul Ball, location: 2F 1-2: Strikes out swinging
|
|
Batting: RHB Kyle Burns
|
0-0: Called Strike 0-1: DOUBLE (Line Drive, 89D, EV 103.1 MPH) Travis Ruppel to third Runner from 3rd tries for Home, SAFE, throw by CF to home
|
|
Batting: RHB Tim Williams
|
0-0: Fly out, F7 (Flyball, 78S, EV 80.6 MPH)
|
| Bottom of the 5th over - 4 runs, 2 hits, 0 errors, 1 left on base; Winnipeg 1 - Hamilton 6 |
| TOP OF THE 6TH |
|
Winnipeg Goldeyes batting - Pitching for Hamilton Cardinals : RHP Keith Anter
|
|
Batting: SHB Ian Thompson
|
0-0: Ball 1-0: Foul Ball, location: 2F 1-1: Called Strike 1-2: Strikes out swinging
|
|
Batting: RHB Steve Raine
|
0-0: Ball 1-0: Ball 2-0: Called Strike 2-1: Foul Ball, location: 2F 2-2: Strikes out swinging
|
|
Batting: LHB Marvin Shepherd
|
0-0: Ball 1-0: Swinging Strike 1-1: Foul Ball, location: 2F 1-2: Foul Ball, location: 2F 1-2: Ball 2-2: Foul Ball, location: 2F 2-2: Ball 3-2: Fly out, F8 (Line Drive, 8RD, EV 96.2 MPH)
|
| Top of the 6th over - 0 runs, 0 hits, 0 errors, 0 left on base; Winnipeg 1 - Hamilton 6 |
| BOTTOM OF THE 6TH |
|
Hamilton Cardinals batting - Pitching for Winnipeg Goldeyes : RHP Scot Abbott
|
|
Batting: RHB Nick Latulippe
|
0-0: Called Strike 0-1: Reached on error, E5 (Groundball, 56S, EV 66.9 MPH)
|
|
Batting: RHB Edgar Klockow
|
0-0: Ball 1-0: Foul Ball, location: 2F 1-1: Ball 2-1: Fly out, F7 (Line Drive, 7, EV 101.9 MPH)
|
|
Batting: RHB Fortunato Fteira
|
0-0: Ball 1-0: Foul Ball, location: 2F 1-1: Foul Ball, location: 2F 1-2: Ball 2-2: Foul Ball, location: 2F 2-2: Foul Ball, location: 2F 2-2: Ball 3-2: Foul Ball, location: 2F 3-2: Foul Ball, location: 2F 3-2: Fly out, F8 (Flyball, 8LM, EV 77.5 MPH)
|
|
Batting: RHB Tyler Walker
|
0-0: Ball 1-0: Ball 2-0: Swinging Strike 2-1: Ball 3-1: Called Strike 3-2: Base on Balls
|
|
Batting: RHB Joe Alley
|
0-0: Ball 1-0: Ball 2-0: Called Strike 2-1: Ball 3-1: Called Strike 3-2: Base on Balls Nick Latulippe to third Tyler Walker to second
|
|
Pitching: RHP Larry Muttart
|
|
|
Batting: LHB Travis Ruppel
|
0-0: Ball 1-0: Fly out, F8 (Flyball, 78M, EV 89.4 MPH)
|
| Bottom of the 6th over - 0 runs, 0 hits, 1 error, 3 left on base; Winnipeg 1 - Hamilton 6 |
| TOP OF THE 7TH |
|
Winnipeg Goldeyes batting - Pitching for Hamilton Cardinals : RHP Keith Anter
|
|
Pitching: RHP Mike Hickey
|
|
|
Batting: LHB Kuemon Shishido
|
0-0: Called Strike 0-1: Ball 1-1: Called Strike 1-2: Strikes out swinging
|
|
Batting: LHB Brian Wagner
|
0-0: Ball 1-0: Ball 2-0: Ball 3-0: Base on Balls
|
|
Batting: RHB Antonio Santos
|
0-0: Ball 1-0: Swinging Strike 1-1: Swinging Strike 1-2: Foul Ball, location: 2F 1-2: Foul Ball, location: 2F 1-2: Ball 2-2: Strikes out swinging
|
|
Batting: RHB Ton van Dijk
|
0-0: Called Strike 0-1: Called Strike Brian Wagner steals 2nd base 0-2: Ball 1-2: Ball 2-2: Strikes out swinging
|
| Top of the 7th over - 0 runs, 0 hits, 0 errors, 1 left on base; Winnipeg 1 - Hamilton 6 |
| BOTTOM OF THE 7TH |
|
Hamilton Cardinals batting - Pitching for Winnipeg Goldeyes : RHP Larry Muttart
|
|
Batting: RHB Jose Jimenez
|
0-0: Ball 1-0: Fly out, F8 (Flyball, 8RD, EV 95.6 MPH)
|
|
Batting: RHB Kyle Burns
|
0-0: SINGLE (Line Drive, 34D, EV 99.4 MPH)
|
|
Batting: RHB Tim Williams
|
0-0: Ground out 5-3 (Groundball, 5S, EV 63.8 MPH) Kyle Burns to second
|
|
Batting: RHB Nick Latulippe
|
0-0: Called Strike 0-1: Ball 1-1: Foul Ball, location: 2F 1-2: Ball 2-2: DOUBLE (Flyball, 8RD, EV 99.4 MPH) Kyle Burns scores
|
|
Batting: RHB Edgar Klockow
|
0-0: Called Strike 0-1: Fly out, F8 (Flyball, 89D, EV 79.4 MPH)
|
| Bottom of the 7th over - 1 run, 2 hits, 0 errors, 1 left on base; Winnipeg 1 - Hamilton 7 |
| TOP OF THE 8TH |
|
Winnipeg Goldeyes batting - Pitching for Hamilton Cardinals : RHP Mike Hickey
|
|
Batting: RHB John Dew
|
0-0: Ball 1-0: Ball 2-0: Fly out, F8 (Flyball, 8RD, EV 98.1 MPH)
|
|
Batting: RHB David McClellan
|
0-0: Ball 1-0: Called Strike 1-1: Fly out, F8 (Line Drive, 8RD, EV 103.8 MPH)
|
|
Batting: SHB Ian Thompson
|
0-0: Called Strike 0-1: Ball 1-1: Ball 2-1: Ball 3-1: Called Strike 3-2: Base on Balls
|
|
Batting: RHB Steve Raine
|
0-0: Called Strike 0-1: Foul Ball, location: 2F 0-2: Ball 1-2: Strikes out looking
|
| Top of the 8th over - 0 runs, 0 hits, 0 errors, 1 left on base; Winnipeg 1 - Hamilton 7 |
| BOTTOM OF THE 8TH |
|
Hamilton Cardinals batting - Pitching for Winnipeg Goldeyes : RHP Larry Muttart
|
|
Batting: RHB Fortunato Fteira
|
0-0: Ball 1-0: Ball 2-0: Foul Ball, location: 2F 2-1: Ball 3-1: Called Strike 3-2: Base on Balls
|
|
Batting: RHB Tyler Walker
|
0-0: Foul Ball, location: 2F 0-1: Fly out, F9 (Line Drive, 9, EV 98.1 MPH)
|
|
Batting: RHB Joe Alley
|
0-0: Ball 1-0: Ball 2-0: Called Strike 2-1: Ball Wild Pitch! Fortunato Fteira to second 3-1: DOUBLE (Line Drive, 7LS, EV 96.9 MPH) Fortunato Fteira scores
|
|
Pitching: LHP Kevin Drew
|
|
|
Batting: LHB Travis Ruppel
|
0-0: Called Strike 0-1: Foul Ball, location: 2F 0-2: Ball 1-2: Fly out, F7 (Line Drive, 7, EV 98.8 MPH)
|
|
Pinch Hitting: LHB Billy Lang
|
0-0: Fly out, F5 (Popup, 15S, EV 81.2 MPH)
|
| Bottom of the 8th over - 1 run, 1 hit, 0 errors, 1 left on base; Winnipeg 1 - Hamilton 8 |
| TOP OF THE 9TH |
|
Winnipeg Goldeyes batting - Pitching for Hamilton Cardinals : RHP Mike Hickey
|
|
Now in RF: Billy Lang
|
|
|
Pinch Hitting: RHB Kenny Reynolds
|
0-0: Foul Ball, location: 2F 0-1: SOLO HOME RUN (Flyball, 7LD, EV 95.0 MPH), Distance : 330 ft
|
|
Batting: LHB Kuemon Shishido
|
0-0: Called Strike 0-1: Ball 1-1: Called Strike 1-2: Ball 2-2: Strikes out looking
|
|
Batting: LHB Brian Wagner
|
0-0: Ball 1-0: Fly out, F8 (Flyball, 8LD, EV 90.6 MPH)
|
|
Batting: RHB Antonio Santos
|
0-0: Ball 1-0: Ball 2-0: Called Strike 2-1: Ball 3-1: Foul Ball, location: 2F 3-2: Foul Ball, location: 2F 3-2: Foul Ball, location: 2F 3-2: Strikes out swinging
|
| Top of the 9th over - 1 run, 1 hit, 0 errors, 0 left on base; Winnipeg 2 - Hamilton 8 |
|